 Dungeon Crawl Stone Soup version 0.19.5 (webtiles) character file.

77 tidbits the Magician (level 4, 2/27 HPs)
             Began as a High Elf Wanderer on July 17, 2017.
             Quit the game on level 7 of the Dungeon.
             The game lasted 00:11:28 (969 turns).

tidbits the Magician (High Elf Wanderer)             Turns: 969, Time: 00:11:29

Health: 2/27       AC:  2    Str: 16    XL:     4   Next: 13%
Magic:  7/10       EV: 17    Int: 19    God:
Gold:   80         SH:  0    Dex: 22    Spells: 2 memorised, 6 levels left

rFire  . . .     SeeInvis .     a - +0 short sword (drain)
rCold  . . .     Gourm    .     c - +0 robe
rNeg   . . .     Faith    .     (no shield)
rPois  .         Spirit   .     (no helmet)
rElec  .         Reflect  .     (no cloak)
rCorr  .         Harm     .     (no gloves)
MR     +....                    (no boots)
Stlth  +++.......               (no amulet)
                                (no ring)
                                H - ring of protection from magic

@: mighty, brilliant, agile, lethally poisoned (2 -> -9), very slightly
contaminated
A: no striking features
a: no special abilities


You were on level 7 of the Dungeon.
You were not hungry.

You visited 1 branch of the dungeon, and saw 7 of its levels.

You collected 80 gold pieces.

Inventory:

Hand Weapons
 a - a +0 short sword of draining (weapon)
   (You took it off a kobold on level 1 of the Dungeon)
 d - a +0 dagger
 j - a +0 short sword
   (You took it off a kobold on level 1 of the Dungeon)
 w - a +0 falchion
   (You found it on level 3 of the Dungeon)
Missiles
 e - 55 stones (quivered)
Armour
 c - a +0 robe (worn)
 g - a +0 scale mail
   (You found it on level 1 of the Dungeon)
 i - a +0 buckler
   (You found it on level 1 of the Dungeon)
Jewellery
 v - an uncursed ring of resist corrosion {unknown}
   (You found it on level 2 of the Dungeon)
 H - a ring of protection from magic (left hand)
   (You found it on level 1 of the Dungeon)
Scrolls
 k - a scroll of blinking {unknown}
 l - 2 scrolls of identify
 q - a scroll of teleportation
 r - a scroll of fog {unknown}
 t - a scroll of amnesia {unknown}
 u - a scroll of immolation {unknown}
Books
 b - the Handbook of Air

   Spells                             Type                      Level
   a - Shock                          Conjuration/Air              1
   b - Static Discharge               Conjuration/Air              3
Miscellaneous
 n - a box of beasts
Comestibles
 f - 3 bread rations
 h - a meat ration
 p - a royal jelly


   Skills:
 - Level 0.9 Dodging
 - Level 1.0 Shields
 - Level 3.6 Spellcasting
 + Level 3.4 Conjurations
   Level 1.1 Translocations
   Level 1.1 Transmutations
 + Level 3.5 Air Magic
 - Level 1.0 Evocations


You had 6 spell levels left.
You knew the following spells:

 Your Spells              Type           Power        Failure   Level  Hunger
d - Static Discharge      Conj/Air       ####....     1%          3    ###....
z - Shock                 Conj/Air       ####         1%          1    None


Dungeon Overview and Level Annotations

Branches:
Dungeon (6/15)
 Temple: D:4-7

Altars:


Message History

There is a stone staircase leading up here.
Casting: Shock
Confirm with . or Enter, or press ? or * to list all spells.
Aiming: Shock
Press: ? - help, Shift-Dir - straight line, f - orc
Aim: an orc, wielding a short sword (resting)
The zap hits the orc.
The orc is severely wounded.
Casting: Shock
Confirm with . or Enter, or press ? or * to list all spells.
Aiming: Shock
Press: ? - help, Shift-Dir - straight line, f/p - orc
Aim: an orc, wielding a short sword (severely wounded)
The zap hits the orc.
The orc is severely wounded.
Casting: Shock
Confirm with . or Enter, or press ? or * to list all spells.
Aiming: Shock
Press: ? - help, Shift-Dir - straight line, f/p - orc
Aim: an orc, wielding a short sword (severely wounded)
The zap hits the orc.
You kill the orc!
You see here a short sword.
You see here a short sword.
There is a stone staircase leading up here.
Found a scroll labeled HOANUEVYNI.
A worker ant comes into view.
You see here a scroll labeled HOANUEVYNI.
q - 2 scrolls labeled HOANUEVYNI (gained 1)
Casting: Shock
Confirm with . or Enter, or press ? or * to list all spells.
Aiming: Shock
Press: ? - help, Shift-Dir - straight line, f - worker ant
Aim: a worker ant (resting)
You miscast Shock.
You are very lightly contaminated with residual magic.
Nothing appears to happen.
Casting: Shock
Confirm with . or Enter, or press ? or * to list all spells.
Aiming: Shock
Press: ? - help, Shift-Dir - straight line, f/p - worker ant
Aim: a worker ant (resting)
The zap hits the worker ant.
The worker ant is lightly wounded.
The worker ant twitches its antennae in your direction.
You fall through a shaft!
The shaft crumbles and collapses. 3 killer bees, 2 orcs and an orc warrior come into view.
The orc warrior is wielding a scimitar of electrocution.
Found four items.
Unknown command.
Press: ? - help, v - describe, . - travel
Here: an orc warrior, wielding a scimitar of electrocution and wearing a chain mail (resting)
The floor.
As you read the scroll labeled HUDOGA BUIWUH, it crumbles to dust.
It is a scroll of identify.
m - a potion of agility The orc warrior shouts!
The orc shouts!
The killer bee buzzes angrily. x2
You hear an angry buzzing noise.
The orc warrior barely misses you. The orc barely misses you.
A killer bee comes into view.
You feel agile all of a sudden. The killer bee closely misses you.
The killer bee barely misses you. The killer bee stings you!
The killer bee stings you. The killer bee barely misses you.
The orc hits you with a falchion.
* * * LOW HITPOINT WARNING * * *
2 kobolds come into view.
You see here a flail.
As you read the scroll labeled HOANUEVYNI, it crumbles to dust.
You feel strangely unstable.
It was a scroll of teleportation.
The killer bee completely misses you. 2 kobolds and a big kobold come into view.
The kobold shouts!
The killer bee stings you.
* * * LOW HITPOINT WARNING * * *
You are poisoned.
The killer bee poisons you!
It was a potion of might.
You feel very mighty all of a sudden.
You feel sick. The killer bee stings you.
* * * LOW HITPOINT WARNING * * *
You are more poisoned.
The killer bee poisons you! The killer bee closely misses you.
Unknown command.
* * * LOW HITPOINT WARNING * * *
You feel sick.
Found 4 gold pieces.
Your surroundings suddenly seem different.
* * * LOW HITPOINT WARNING * * *
You feel sick.
Found a bubbling cyan potion.
Found a stone staircase leading down.
A jelly and a worker ant come into view.
Unknown command.
It was a potion of brilliance.
You feel clever all of a sudden.
* * * LOW HITPOINT WARNING * * *
You feel sick.
Are you sure you want to abandon this character and quit the game? (Confirm with "yes".)

......
.....# ##
.... .##
..####.
.......
.......
##.......
#@..#
..........#
.......J.a#
....###.....
.>. #!.....
.. .........
. ......#..
.........


You could see a jelly (sleeping) and a worker ant (sleeping).

Vanquished Creatures
  2 adders
  An ooze (D:1)
  A worm (D:2)
  A dart slug (D:1)
  2 leopard geckos (D:1)
  An orc (D:6)
  A ball python (D:1)
  6 bats
  3 giant cockroaches
  5 goblins
  4 hobgoblins
  3 jackals (D:3)
  4 frilled lizards
  5 kobolds
  6 rats
45 creatures vanquished.

Notes
Turn   | Place    | Note
-------+----------+-------------------------------------------
     0 | D:1      | tidbits the High Elf Wanderer began the quest for the Orb.
     0 | D:1      | tidbits set off with: a box of beasts, the Handbook of Air, a +0 robe, a +0 dagger, a bread ration
     0 | D:1      | Reached XP level 1. HP: 11/11 MP: 6/6
     0 | D:1      | Identified the Handbook of Air
     2 | D:1      | Learned a level 1 spell: Shock
    80 | D:1      | Reached skill level 2 in Air Magic
    80 | D:1      | Reached XP level 2. HP: 14/17 MP: 0/7
   402 | D:2      | Reached XP level 3. HP: 15/21 MP: 5/9
   416 | D:2      | Learned a level 3 spell: Static Discharge
   433 | D:2      | Reached skill level 3 in Conjurations
   480 | D:2      | Reached skill level 3 in Air Magic
   912 | D:5      | Entered Level 5 of the Dungeon
   917 | D:5      | Reached XP level 4. HP: 27/27 MP: 6/10
   955 | D:6      | You fall through a shaft!
   955 | D:7      | Noticed an orc warrior
   964 | D:7      | Noticed a big kobold
   968 | D:7      | HP: 2/27 [poisoned by a killer bee]
   969 | D:7      | Quit the game

Skill      XL: |  1  2  3 |
---------------+----------+-----
Air Magic      | 2 3 |  3.5
Conjurations   | 3 |  3.4
Dodging        | |  0.9
Shields        | |  1.0
Spellcasting   | |  3.6
Translocations | |  1.1
Transmutations | |  1.1
Evocations     | |  1.0

Action                   |  1- 3 |  4- 6 || total
-------------------------+-------+-------++-------
Melee: Dagger            |    10 |       ||    10
       Short sword       |    18 |       ||    18
 Cast: Shock             |    62 |     5 ||    67
  Use: Potion            |       |     3 ||     3
       Scroll            |       |     2 ||     2
 Stab: Sleeping          |     1 |       ||     1
Armor: Robe              |    12 |       ||    12
Dodge: Dodged            |    39 |     7 ||    46

Table legend:
 A = Turns spent in this place as a percentage of turns spent in the entire game.
 B = Non-inter-level travel turns spent in this place as a percentage of non-inter-level travel turns spent in the entire game.
 C = Inter-level travel turns spent in this place as a percentage of turns spent in this place.
 D = Turns resting spent in this place as a percentage of non-inter-level travel turns spent in this place.
 E = Turns spent auto-exploring this place as a percentage of non-inter-level travel turns spent in this place.
 F = Non-inter-level travel turns spent in this place divided by the number of levels of this place that you've seen.
                   A       B       C       D       E      F
               +-------+-------+-------+-------+-------+----------------------
         Total | 100.0 | 100.0 |   0.0 |   0.0 |   0.0 | 130.6
       Dungeon | 100.0 | 100.0 |   0.0 |   0.0 |   0.0 | 130.6
               +-------+-------+-------+-------+-------+----------------------

Table legend:
 A = Kills in this place as a percentage of kills in entire the game.
 B = Kills by you in this place as a percentage of kills by you in the entire game.
 C = Kills by friends in this place as a percentage of kills by friends in the entire game.
 D = Other kills in this place as a percentage of other kills in the entire game.
 E = Experience gained in this place as a percentage of experience gained in the entire game.
 F = Experience gained in this place divided by the number of levels of this place that you have seen.
                   A       B       C       D       E      F
               +-------+-------+-------+-------+-------+----------------------
         Total | 100.0 | 100.0 |  -nan |  -nan | 100.0 |  15.7
       Dungeon | 100.0 | 100.0 |  -nan |  -nan | 100.0 |  15.7
               +-------+-------+-------+-------+-------+----------------------

Vault maps used:
D:1:      elethiomel_arrival_diamonds
D:2:      kennysheep_big_flooded_room, minmay_close_crescents
D:3:      zin_scriptorium, first_bread, serial_bayou_pond_a
D:4:      serial_shops, shop, nicolae_shop_window_shopping, nicolae_shop_stone,
          shop, kennysheep_mini_moat, sigmund_army
D:5:      lemuel_crystal_altar, temple_pool_b
D:6:      kennysheep_windowed_halls, lemuel_blue_sif_altar,
          makhleb_grotto_becter
D:7:      nicolae_qazlal_eye_of_the_storm, nicolae_overflow_hidden_temple,
          lemuel_doored_altar
